 Dungeon Crawl Stone Soup version 0.30.1-4-g462c640d31 (webtiles) character file.

Game seed: 17095312555699176788

23 lonewolfV2 the Trooper (level 2, -2/24 HPs)
             Began as a Demonspawn Berserker on Aug 28, 2023.
             Was a Follower of Trog.
             Slain by a goblin
             ... wielding a +1 dagger of protection
             ... led by Robin
              (4 damage)
             ... on level 1 of the Dungeon.
             The game lasted 00:01:37 (752 turns).

lonewolfV2 the Trooper (Demonspawn Berserker)        Turns: 752, Time: 00:01:38

Health: -2/24      AC:  2    Str: 17    XL:     2   Next: 75%
Magic:  2/2        EV: 12    Int:  8    God:    Trog [*.....]
Gold:   50         SH:  0    Dex: 12    Spells: 1/1 levels left

rFire   . . .        a - +0 hand axe
rCold   . . .        (no shield)
rNeg    . . .        b - +0 animal skin
rPois   .            (no helmet)
rElec   .            (no cloak)
rCorr   .            (no gloves)
SInv    .            (no boots)
Will    .....        (no amulet)
Stlth   +            (no ring)
HPRegen 0.24/turn    (no ring)
MPRegen 0.08/turn

%: no passive effects
@: no status effects
A: ignite blood 1
a: Renounce Religion, Berserk


You were on level 1 of the Dungeon.
You worshipped Trog.
Trog was aware of your devotion.
You visited 1 branch of the dungeon, and saw 2 of its levels.

You collected 50 gold pieces.

Inventory:

Hand Weapons
 a - a +0 hand axe (weapon)
Armour
 b - a +0 animal skin (worn)
Jewellery
 e - a ring of protection from fire
Scrolls
 d - a scroll of amnesia {unknown}
 f - a scroll of identify {unknown}
 g - a scroll of immolation {unknown}
Potions
 c - 2 potions of haste {unknown}
 h - a potion of heal wounds {unknown}


   Skills:
 + Level 3.3 Fighting
 + Level 3.1 Axes
 + Level 1.9 Armour
 + Level 2.1 Dodging


You had one spell level left.
You didn't know any spells.
Your spell library was empty.

Dungeon Overview and Level Annotations

Branches:
Dungeon (2/15)

Altars:

Shops:
D:1 *

Annotations:
D:2 Robin


Innate Abilities, Weirdness & Mutations

Your demonic aura sometimes causes spilled blood to erupt in flames.


Message History

The goblin shouts! x2; The hobgoblin shouts!
The goblin shouts! x4
Robin shouts!
The goblin shouts! x2; The hobgoblin shouts!
There is a stone staircase leading up here.
The goblin shouts!
The goblin hits you with a +1 dagger of protection.
The goblin attacks as you move away! The goblin closely misses you.
The goblin barely misses you.
Robin roars a battlecry!
The goblins go into a battle-frenzy!
The bat closely misses you.
There is a stone staircase leading up here.
You completely miss the hobgoblin. You closely miss the goblin.
You hit the bat. The bat hits you but does no damage.
The goblin closely misses you. Robin throws the goblin at you!
The hobgoblin barely misses you. The bat hits you but does no damage.
The goblin barely misses you.
The goblin hits you with a +1 dagger of protection.
The goblin hits you with a +0 club.
* * * LOW HITPOINT WARNING * * *
You climb upwards.
There is a stone staircase leading down here.
You barely miss the goblin. You punch the goblin.
The goblin is moderately wounded.
You hit the goblin.
You kill the goblin!
Trog accepts your kill.
You closely miss the hobgoblin.
A goblin opens the door.
You barely miss the goblin.
The goblin is moderately wounded.
You closely miss the goblin. You hit the hobgoblin.
The goblin barely misses you. The hobgoblin closely misses you.
The goblin hits you with a +1 dagger of protection.
* * * LOW HITPOINT WARNING * * *
You hit the goblin but do no damage.
The goblin is moderately wounded.
You hit the hobgoblin but do no damage. You closely miss the goblin.
The hobgoblin hits you.
* * * LOW HITPOINT WARNING * * *
The goblin hits you with a +1 dagger of protection.
You die...

..♣###################....##...#.
..P##.###..................'...'.
...##..........######....###...#.
..P##...#.#.##'######..........+.
..♣##.......#....##............#.
..♣##.#.#.#.................##...
...##.#..........................
..###.#........#g#######+###.....
.P###.###......g@g.......#.......
...'..# #......#g###.....#....#..
...'..# #..........#..........#..
...'..# #....#..>..#..........#..
..###.# #....#.....#..........#..
..# #.# #.....................+..
P♣P##.###.....................#..
####.................)#.......#..
.....................#........#..


You could see a hobgoblin (strong) and 3 goblins.

Vanquished Creatures
  A dart slug (D:1)
  3 bats (D:1)
  2 endoplasms (D:1)
  A giant cockroach (D:1)
  2 goblins (D:1)
  2 hobgoblins (D:1)
  2 quokkas (D:1)
  A frilled lizard (D:1)
  A kobold (D:1)
  4 rats (D:1)
19 creatures vanquished.

Notes
Turn   | Place    | Note
-------+----------+-------------------------------------------
     0 | D:1      | lonewolfV2 the Demonspawn Berserker began the quest for the
                  | Orb.
     0 | D:1      | Reached XP level 1. HP: 18/18 MP: 1/1
   174 | D:1      | Found Lavioruu's Assorted Antiques.
   195 | D:1      | Gained mutation: Your demonic aura sometimes causes spilled
                  | blood to erupt in flames. [demonic ancestry]
   195 | D:1      | Reached XP level 2. HP: 23/24 MP: 2/2
   744 | D:2      | Noticed Robin
   752 | D:1      | Slain by a goblin

Illustrated notes

Levels and vault maps discovered:
D:1:      kennysheep_arrival_seaside, layout_basic, serial_shops,
          nicolae_shop_tiny_glass, serial_glass, glass_columns_a,
          glass_columns_a, glass_columns_a
D:2:      layout_basic, dreamdust_ecumenical_altar_grove,
          chequers_serial_rivers_small_b, uniq_robin

Skill      XL: |  1  2 |
---------------+-------+-----
Dodging        | 2 |  2.1
Axes           | 3 |  3.1
Fighting       | |  3.3
Armour         | |  1.9

Action                     || total
---------------------------++-------
  Melee: Hand axe          ||    54
         Punch             ||     1
   Stab: Sleeping          ||     1
 Armour: Animal skin       ||    12
  Dodge: Dodged            ||    51
